 Dungeon Crawl Stone Soup version 0.27.0-1-g7a08968 (webtiles) character file.

Game seed: 10755312230868877549

12892 Illumine the Grappler (level 11, -6/107 HPs)
             Began as a Troll Monk on Aug 28, 2021.
             Was the Champion of Cheibriados.
             Killed from afar by an ice statue (17 damage)
             ... with a shard of ice
             ... in an ice cave.
             The game lasted 00:17:50 (8876 turns).

Illumine the Grappler (Troll Monk)                  Turns: 8876, Time: 00:17:50

Health: -6/107     AC: 11    Str: 37    XL:     11   Next: 68%
Magic:  14/14      EV: 16    Int: 23    God:    Cheibriados [******]
Gold:   846        SH:  5    Dex: 27    Spells: 12/13 levels left

rFire    . . .     SeeInvis .     - Unarmed
rCold    . . .     Faith    .   (no shield)
rNeg     . . .     Spirit   .   e - +0 steam dragon scales
rPois    .         Reflect  +   (helmet restricted)
rElec    .         Harm     .   K - scarf {+Inv}
rCorr    .         Rampage  .   (gloves unavailable)
Will     .....                  (boots unavailable)
Stlth    ++........             N - amulet of reflection
HPRegen  1.27/turn              m - +4 ring of slaying
MPRegen  0.14/turn              t - +4 ring of protection

@: very slow
A: large, unfitting armour, claws 3, regeneration 1, shaggy fur 1, tough skin 1
a: Renounce Religion, Evoke Invisibility, Bend Time, Temporal Distortion,
Slouch, Step From Time


You were in an ice cave.
You worshipped Cheibriados.
Cheibriados was exalted by your worship.
You visited 3 branches of the dungeon, and saw 13 of its levels.
You also visited: Ice Cave.

You collected 846 gold pieces.

Inventory:

Hand Weapons
 G - a +1 antimagic dire flail
 M - a +4 flail of freezing
Missiles
 g - 2 boomerangs
 J - 65 poisoned darts (quivered)
Armour
 e - +0 steam dragon scales (worn)
 r - a +1 cloak
 y - the +8 orange crystal plate armour {Archmagi, Int+3 Clar}
   (You found it on level 5 of the Dungeon)

   Int:       It affects your intelligence (+3).
   Clar:      It protects you against confusion.
 H - the +1 ring mail of Wasiets {+Blink rElec rPois Will-}
   (You found it on level 6 of the Dungeon)

   rElec:     It insulates you from electricity.
   rPois:     It protects you from poison.
   +Blink:    It lets you blink.
   Will:      It decreases your willpower.
 K - a scarf of invisibility (worn)
Magical Staves
 C - a staff of death
Jewellery
 a - a ring of flight
 m - a +4 ring of slaying (left claw)
 n - a ring of positive energy
 p - a ring of protection from fire
 t - a +4 ring of protection (right claw)
 E - a ring of resist corrosion
 N - an amulet of reflection (around neck)
Wands
 k - a wand of acid (15)
 w - a wand of flame (18)
 z - a wand of paralysis (8)
 D - a wand of iceblast (26)
 P - a wand of digging (5)
Scrolls
 c - a scroll of silence {unknown}
 d - 2 scrolls of holy word
 f - 6 scrolls of teleportation
 i - 3 scrolls of fog
 l - 2 scrolls of magic mapping
 o - 2 scrolls of enchant armour
 q - 3 scrolls of immolation {unknown}
 s - 3 scrolls of fear {unknown}
 x - 2 scrolls of blinking {unknown}
 B - a scroll of vulnerability {unknown}
 L - a scroll of enchant weapon {unknown}
Potions
 b - 3 potions of curing
 h - 2 potions of magic
 j - 2 potions of flight
 u - 2 potions of lignification
 v - 2 potions of invisibility
 A - a potion of mutation {unknown}
 F - a potion of cancellation {unknown}
 I - 2 potions of heal wounds
 O - a potion of brilliance {unknown}


   Skills:
 + Level 6.9 Fighting
 + Level 5.9 Throwing
 + Level 6.9 Dodging
 - Level 1.0 Stealth
 + Level 11.6 Unarmed Combat
 + Level 1.6 Spellcasting
 - Level 1.1 Air Magic
 + Level 6.4 Invocations


You had 12 spell levels left.
You knew the following spells:

 Your Spells              Type           Power      Damage    Failure   Level
a - Shock                 Conj/Air       16%        1d4       11%         1

Your spell library contained the following spells:

 Spells                   Type           Power      Damage    Failure   Level
 Static Discharge         Conj/Air       4%         N/A       16%         2
 Slow                     Hex            1%         N/A       21%         2
 Mephitic Cloud           Conj/Pois/Air  3%         N/A       34%         3
 Frozen Ramparts          Ice            2%         1d2       38%         3
 Inner Flame              Hex/Fire       1%         N/A       38%         3
 Ozocubu's Armour         Ice            1%         N/A       38%         3
 Cause Fear               Hex            0%         N/A       80%         4
 Ice Form                 Ice/Tmut       1%         N/A       80%         4
 Summon Ice Beast         Ice/Summ       1%         N/A       80%         4
 Lightning Bolt           Conj/Air       2%         1d13      96%         5
 Ozocubu's Refrigeration  Ice            0%         4d5       100%        7
 Discord                  Hex            0%         N/A       100%        8
 Maxwell's Capacitive Co  Air            3%         ∞         100%        8


Dungeon Overview and Level Annotations

Branches:
Dungeon (11/15)            Temple (1/1) D:5            Lair (1/6) D:10
  IceCv (1/1)
    Orc: D:9-12

Altars:
Ashenzari
Cheibriados
Dithmenos
Elyvilon
Fedhas
Gozag
Hepliaklqana
Kikubaaqudgha
Makhleb
Nemelex Xobeh
Okawaru
Qazlal
Ru
Sif Muna
Trog
Uskayaw
Vehumet
Wu Jian
Xom
Yredelemnul
Zin
The Shining One

Shops:
D:1 :

Annotations:
D:8 2 transporters, afterthought's ghost, novice DsFi IceCv exclusion: ice statue


Innate Abilities, Weirdness & Mutations

You are too large for most types of armour.
You have claws for hands.
Your natural rate of healing is unusually fast.
You are covered in fur. (AC +1)
You have tough skin. (AC +1)


Message History

Aim: an ice statue (freezing vapour, 100% to hit)
You hear a sizzling sound!
The puff of flame hits the ice statue but does no damage.
You hear a sizzling sound!
Unknown command.
The ice statue gestures at you. The bolt of cold hits you!!
* * * LOW HITPOINT WARNING * * *
Found a runed scale mail.
You barely miss the ice statue.
The ice statue gestures.
You scratch the ice statue.
The ice statue is lightly damaged.
You claw the ice statue! You claw the ice statue.
The ice statue is moderately damaged.
You block the ice beast's attack.
You claw the ice statue!
The ice statue is moderately damaged.
The ice beast barely misses you.
You claw the ice statue!
The ice statue is heavily damaged.
The ice beast hits you but does no damage.
You scratch the ice statue but do no damage.
The ice statue is heavily damaged.
The ice statue gestures at you. The bolt of cold hits you!!
* * * LOW HITPOINT WARNING * * *
Unknown command.
You feel much better.
The ice beast hits you but does no damage.
The ice statue gestures at you. The shard of ice hits you!!
* * * LOW HITPOINT WARNING * * *
Unknown command.
You scratch the ice statue.
The ice statue is heavily damaged.
You block the ice beast's attack. The ice statue gestures at you.
The shard of ice hits you!
You die...

##...# #...## ##..#
##.## ########
###..####.#....##
#.##..##....#○..##
.#.##..##..####..#
#..#....##..###..#
.##.#††###..##..@#
####.†####...##Y8.#
##..####...####...#
#...##...### #.###
#..##...## [#.
#......## # .
##...### ## #####


You could see an ice statue and an ice beast (summoned).

Vanquished Creatures
  A two-headed ogre (D:9)
  Pikel (D:9)
  Joseph (D:7)
  A gargoyle (D:11)
  A komodo dragon (Lair:1)
  A kobold demonologist (D:11)
  3 rime drakes
  2 trolls
  A polar bear (IceCv)
  A hornet (D:9)
  2 vampires (D:11)
  31 yaks
  A wraith (D:9)
  A wyvern (D:7)
  3 steam dragons
  An acid dragon (D:6)
  A water moccasin (D:8)
  3 orc warriors
  A black bear (Lair:1)
  A sky beast (D:7)
  An ogre (D:4)
  3 wolves (IceCv)
  2 centaurs
  2 kobold brigands
  A bullfrog (D:9)
  A scorpion (D:5)
  A wyvern skeleton (D:7)
  6 killer bees
  4 wights (D:10)
  4 howler monkeys
  2 electric eels (D:7)
  A bullfrog zombie (D:6)
  4 centaur zombies
  6 hounds
  7 jellies
  3 orc priests
  2 centaur skeletons (D:7)
  Ijyb (D:4)
  13 orc wizards
  A killer bee zombie (D:8)
  A hound zombie (D:5)
  3 howler monkey zombies
  Robin (D:4)
  A howler monkey skeleton (D:6)
  7 adders
  A shadow imp (D:5)
  A white imp (D:8)
  2 worms (D:4)
  A dart slug (D:1)
  15 orcs
  5 ball pythons
  6 endoplasms
  4 giant cockroaches (D:1)
  18 goblins
  11 hobgoblins
  16 kobolds
  5 quokkas
  7 bats
  A frilled lizard (D:3)
  4 rats (D:1)
233 creatures vanquished.

Vanquished Creatures (others)
  A fungus (Lair:1)
  A plant (Lair:1)
2 creatures vanquished.

Grand Total: 235 creatures vanquished

Notes
Turn   | Place    | Note
-------+----------+-------------------------------------------
     0 | D:1      | Illumine the Troll Monk began the quest for the Orb.
     0 | D:1      | Reached XP level 1. HP: 22/22 MP: 0/0
    50 | D:1      | Found a faded altar of an unknown god.
   150 | D:1      | Reached XP level 2. HP: 29/29 MP: 1/1
   228 | D:1      | Reached skill level 4 in Unarmed Combat
   353 | D:1      | Found Lasavom's Book Shoppe.
   369 | D:1      | Reached XP level 3. HP: 36/36 MP: 2/2
   837 | D:2      | Found a radiant altar of Vehumet.
   974 | D:2      | Reached XP level 4. HP: 42/44 MP: 3/3
  1064 | D:2      | Reached skill level 5 in Unarmed Combat
  1474 | D:3      | Found a burning altar of Makhleb.
  1808 | D:3      | Found an iron altar of Okawaru.
  1809 | D:3      | Found a glowing silver altar of Zin.
  1870 | D:4      | Noticed Robin
  2049 | D:4      | Noticed an ogre
  2058 | D:4      | Killed an ogre
  2059 | D:4      | Reached XP level 5. HP: 46/52 MP: 4/4
  2082 | D:4      | Killed Robin
  2546 | D:4      | Reached skill level 6 in Unarmed Combat
  2546 | D:4      | Reached XP level 6. HP: 58/61 MP: 5/5
  2585 | D:4      | Noticed Ijyb
  2590 | D:4      | Killed Ijyb
  2883 | D:5      | Entered Level 5 of the Dungeon
  2915 | D:5      | Found the +8 orange crystal plate armour {Archmagi, Int+3
                  | Clar}
  3244 | D:5      | Found a staircase to the Ecumenical Temple.
  3253 | Temple   | Entered the Ecumenical Temple
  3358 | Temple   | Became a worshipper of Cheibriados the Contemplative
  3358 | Temple   | Reached * piety under Cheibriados
  3358 | Temple   | Reached ** piety under Cheibriados
  3751 | D:5      | Reached XP level 7. HP: 67/67 MP: 6/6
  4286 | D:5      | Reached skill level 1 in Invocations
  4475 | D:6      | Got Kawyucs's Compendium of Feathery Enchantment
  4541 | D:6      | Learned a level 1 spell: Shock
  4592 | D:6      | Reached skill level 7 in Unarmed Combat
  4806 | D:6      | Identified the +1 ring mail of Wasiets {+Blink rElec rPois
                  | Will-}
  4810 | D:6      | Reached XP level 8. HP: 78/78 MP: 8/8
  5038 | D:7      | Reached *** piety under Cheibriados
  5062 | D:7      | Reached skill level 1 in Spellcasting
  5227 | D:7      | Reached skill level 1 in Throwing
  5238 | D:7      | Reached skill level 8 in Unarmed Combat
  5366 | D:7      | Reached **** piety under Cheibriados
  5367 | D:7      | Reached XP level 9. HP: 85/85 MP: 10/10
  5372 | D:7      | Noticed Joseph
  5389 | D:7      | Killed Joseph
  5502 | D:7      | Found a hide-covered altar of Uskayaw.
  5847 | D:8      | Reached skill level 9 in Unarmed Combat
  5849 | D:8      | Reached skill level 5 in Fighting
  5947 | D:8      | Reached skill level 5 in Dodging
  6095 | D:8      | Found a transporter.
  6099 | D:8      | Noticed afterthought's ghost (novice DsFi)
  6101 | D:8      | Noticed a moth of wrath
  6104 | D:8      | Found a bloodstained altar of Trog.
  6259 | D:8      | Found a transporter.
  6263 | D:9      | Noticed Pikel
  6274 | D:9      | Killed Pikel
  6320 | D:9      | Reached XP level 10. HP: 91/96 MP: 12/12
  6328 | D:9      | Reached skill level 10 in Unarmed Combat
  6437 | D:9      | Reached ***** piety under Cheibriados
  6478 | D:9      | Found a sacrificial altar of Ru.
  6698 | D:9      | Reached skill level 5 in Invocations
  7133 | D:9      | Noticed a two-headed ogre
  7140 | D:9      | Killed a two-headed ogre
  7250 | D:10     | Entered Level 10 of the Dungeon
  7296 | D:10     | Found a staircase to the Lair.
  7447 | Lair:1   | Entered Level 1 of the Lair of Beasts
  7454 | Lair:1   | Reached skill level 5 in Throwing
  7658 | D:10     | Reached skill level 11 in Unarmed Combat
  7659 | D:10     | Reached XP level 11. HP: 91/106 MP: 14/14
  8170 | D:10     | Found a shimmering altar of Xom.
  8670 | D:11     | Noticed a soul eater
  8740 | D:11     | Found a frozen archway.
  8763 | IceCv    | Entered an ice cave
  8768 | IceCv    | Reached skill level 1 in Air Magic
  8816 | IceCv    | Reached ****** piety under Cheibriados
  8874 | IceCv    | HP: 2/107 [ice statue/bolt of cold (27)]
  8876 | IceCv    | Killed from afar by an ice statue

Illustrated notes

Levels and vault maps discovered:
D:1:      eino_arrival_cavern_b, layout_basic, serial_shops, shop,
          shapermc_ecumenical_altar_venn
D:2:      minmay_recursive_quarters, layout_basic, basic_altar
D:3:      minmay_spotlight, layout_rooms, old_standard_altar,
          gammafunk_temple_overflow_statue, serial_rivers,
          chequers_serial_rivers_micro_e, chequers_serial_rivers_micro_c,
          chequers_serial_rivers_micro_d, chequers_serial_rivers_micro_e,
          minmay_cut_off
D:4:      layout_gridville, uniq_ijyb, uniq_robin
D:5:      layout_basic, minmay_temple_entry_poolview, nrook_mini_vaults,
          lemuel_flamethrower_2
D:6:      layout_basic
D:7:      layout_rooms, general_overflow_altar, minivault_14, minmay_circle_x,
          uniq_joseph
D:8:      layout_cave_pools, gammafunk_ghost_wrathful_warriors, st_stairs_1
D:9:      layout_loops_corners, hangedman_ru_absence, kennysheep_generic_room_5,
          uniq_pikel
D:10:     layout_long_grid, marbit_many_paths, lair_entry_dummy,
          serial_co_window_serial, co_window_paths_a, co_window_paths_a,
          co_window_cross_1, co_window_paths_b, co_window_paths_b,
          co_window_unsneaky_path_d, co_window_broadway_b, co_window_broadway_c,
          co_window_of_opportunity_c, co_window_paths_e, co_window_4corner_b,
          glass_columns_a, glass_columns_a
D:11:     layout_roguey, portal_ice_cave_rime, kennysheep_donut,
          water_boxes_lemuel
Temple:   regret_index_temple_sphere_string
Lair:1:   layout_chaotic_city
IceCv:    ice_cave_caverns_02

Skill      XL: |  1  2  3  4  5  6  7  8  9 10 11 |
---------------+----------------------------------+-----
Unarmed Combat | 4 5 6 7 8 9 11 | 11.6
Fighting       | 3 4 5 6 |  6.9
Dodging        | 3 4 5 6 |  6.9
Invocations    | 2 3 4 5 6 |  6.4
Spellcasting   | 1 |  1.6
Throwing       | 2 3 5 |  5.9
Air Magic      | 1 |  1.1
Stealth        | |  1.0

Action                   |  1- 3 |  4- 6 |  7- 9 | 10-12 || total
-------------------------+-------+-------+-------+-------++-------
Melee: Unarmed           |    96 |   101 |   134 |   204 ||   535
       Punch             |       |     1 |     5 |    24 ||    30
Throw: Boomerang         |       |     1 |    71 |     1 ||    73
       Dart              |       |       |       |     4 ||     4
Invok: Bend Time         |       |       |     1 |       ||     1
Evoke: Wand              |       |       |       |     2 ||     2
  Use: Scroll            |       |     3 |     9 |     4 ||    16
       Potion            |       |       |     2 |     2 ||     4
 Stab: Sleeping          |     4 |     2 |       |     2 ||     8
       Distracted        |       |       |     1 |       ||     1
Armor: Robe              |    22 |    32 |    51 |     1 ||   106
       Steam dragon scal |       |       |       |    46 ||    46
Dodge: Dodged            |    52 |    47 |    91 |   118 ||   308
Block: Other             |       |       |       |    15 ||    15
       Reflection        |       |       |       |     1 ||     1
